 Dungeon Crawl Stone Soup version 0.30-a0-359-gd0147acb1a (webtiles) character file.

Game seed: 9597995048754271003

211616 KennySheep the Cleaver (level 17, -10/135 HPs)
             Began as a Demigod Conjurer on Nov 11, 2022.
             Mangled by a death yak (34 damage)
             ... summoned by a spriggan berserker
             ... on level 2 of the Depths on Nov 12, 2022.
             The game lasted 03:05:36 (49954 turns).

KennySheep the Cleaver (Demigod Conjurer)          Turns: 49954, Time: 03:05:37

Health: -10/135    AC: 29    Str: 20    XL:     17   Next: 59%
Magic:  22/34      EV:  7    Int: 36    God:
Gold:   2702       SH: 12    Dex:  9    Spells: 9/33 levels left

rFire   + . .      SeeInvis +    a - +9 broad axe of Doom {spect, rElec}
rCold   + + .      Faith    .    G - +3 kite shield "Tevoedas" {rN++ Will+ Str+2 Dex-3}
rNeg    + + .      Spirit   .    s - +8 plate armour {ponderous}
rPois   .          Reflect  .    (no helmet)
rElec   +          Harm     .    W - +2 cloak of the First Snow {rC+}
rCorr   +          Rampage  .    g - +0 pair of gloves
Will    ++...                    z - +0 pair of boots
Stlth   ..........               h - amulet of regeneration
HPRegen 1.22/turn                c - ring "Necoklen" {rC+ rCorr SInv Stlth+}
MPRegen 0.24/turn                P - ring of Ijyer {rElec rF+ Str+6}

@: slow
A: high MP 1, forlorn, divine attributes
}: 1/15 runes: decaying
a: no special abilities


You were on level 2 of the Depths.
You visited 8 branches of the dungeon, and saw 34 of its levels.
You also visited: Ossuary, Gauntlet, Ice Cave and Volcano.

You collected 4614 gold pieces.
You spent 1912 gold pieces at shops.

Inventory:

Hand Weapons
 a - the +9 broad axe of Doom (weapon) {spect, rElec}
   (You took it off a minotaur in a Gauntlet)

   When its wielder attacks, the weapon's spirit leaps out and strikes again.
   The spirit shares a part of any damage it takes with its wielder.
   rElec:     It insulates you from electricity.
 b - a +9 quick blade of pain
Armour
 g - a +0 pair of gloves (worn)
 s - a +8 plate armour of ponderousness (worn)
 z - a +0 pair of boots (worn)
 G - the +3 kite shield "Tevoedas" (worn) {rN++ Will+ Str+2 Dex-3}
   (You acquired it on level 3 of the Lair of Beasts)

   Str:       It affects your strength (+2).
   Dex:       It affects your dexterity (-3).
   rN:        It greatly protects you from negative energy.
   Will:      It increases your willpower.
 W - the +2 cloak of the First Snow (worn) {rC+}
   (You found it in a Gauntlet)

   rC:        It protects you from cold.
Magical Staves
 t - a staff of conjuration
Jewellery
 c - the ring "Necoklen" (left hand) {rC+ rCorr SInv Stlth+}
   (You acquired it on level 2 of the Dungeon)

   [ring of protection from cold]

   rC:        It protects you from cold.
   SInv:      It lets you see invisible.
   rCorr:     It protects you from acid and corrosion.
   Stlth:     It makes you more stealthy.
 d - an amulet of magic regeneration
 h - an amulet of regeneration (around neck)
 y - the ring "Guetumn" {Will+ Dex+4}
   (You found it on level 2 of the Swamp)

   [ring of willpower]

   Dex:       It affects your dexterity (+4).
   Will:      It increases your willpower.
 P - the ring of Ijyer (right hand) {rElec rF+ Str+6}
   (You took it off a tengu warrior on level 15 of the Dungeon)

   [ring of strength]

   Str:       It affects your strength (+6).
   rF:        It protects you from fire.
   rElec:     It insulates you from electricity.
Wands
 o - a wand of flame (11)
 u - a wand of quicksilver (14)
 v - a wand of digging (14)
 w - a wand of paralysis (18)
 J - a wand of roots (24)
 X - a wand of mindburst (39)
 Z - a wand of polymorph (9)
Scrolls
 l - 6 scrolls of butterflies
 x - 15 scrolls of teleportation
 A - 3 scrolls of silence
 B - 3 scrolls of enchant weapon
 F - 9 scrolls of amnesia
 H - 2 scrolls of brand weapon
 K - 4 scrolls of poison
 Y - 4 scrolls of enchant armour
Potions
 f - 7 potions of brilliance
 i - 4 potions of invisibility
 j - a potion of heal wounds
 k - 2 potions of cancellation
 m - 9 potions of attraction
 n - 6 potions of haste
 p - 2 potions of ambrosia
 q - 23 potions of curing
 C - 4 potions of might
 N - 6 potions of flight
 O - 5 potions of mutation
 Q - 4 potions of magic
 R - 2 potions of resistance
Miscellaneous
 e - a phantom mirror
 L - a lightning rod (4/4)
 S - a box of beasts


   Skills:
 - Level 8.3 Fighting
 * Level 6.9 Short Blades
 - Level 13.5 Axes
 - Level 1.0 Staves
 + Level 10.4 Armour
 - Level 7.2 Dodging
 - Level 1.7 Stealth
 - Level 6.9 Shields
 - Level 8.8 Spellcasting
 - Level 12.7 Conjurations
 * Level 10.3 Necromancy
 - Level 10.0 Translocations
 - Level 8.7 Evocations


You had 9 spell levels left.
You knew the following spells:

 Your Spells              Type           Power      Damage    Failure   Level
a - Animate Dead          Necr           74%        N/A       16%         4
b - Searing Ray           Conj           100%       2d8       1%          2
c - Iskenderun's Mystic   Conj/Tloc      78%        2d16      11%         4
d - Passage of Golubria   Tloc           73%        N/A       19%         4
e - Dispel Undead         Necr           74%        3d25      16%         4
f - Death Channel         Necr           37%        N/A       94%         6

Your spell library contained the following spells:

 Spells                   Type           Power      Damage    Failure   Level
 Apportation              Tloc           100%       N/A       1%          1
 Magic Dart               Conj           100%       1d8       1%          1
 Necrotise                Necr           100%       1d9       1%          1
 Sublimation of Blood     Necr           74%        N/A       2%          2
 Iskenderun's Battlesphe  Conj           82%        2d13      17%         5
 Dazzling Flash           Conj/Hex       100%       N/A       24%         3
 Hailstorm                Conj/Ice       58%        3d13      24%         3
 Stone Arrow              Conj/Erth      100%       3d13      24%         3
 Cigotuvi's Dreadful Rot  Necr/Pois/Air  80%        N/A       38%         2
 Fulminant Prism          Conj/Hex       29%        3d14      63%         4
 Freeze                   Ice            60%        1d7       75%         1
 Sandblast                Erth           30%        2d9       75%         1
 Slow                     Hex            60%        N/A       75%         1
 Sting                    Tmut/Pois      60%        1d6       75%         1
 Summon Small Mammal      Summ           60%        N/A       75%         1
 Anguish                  Hex/Necr       26%        N/A       80%         4
 Passwall                 Tmut/Erth      12%        N/A       86%         2
 Irradiate                Conj/Tmut      29%        3d21      92%         5
 Frozen Ramparts          Ice            30%        1d5       98%         3
 Inner Flame              Hex/Fire       15%        N/A       98%         3
 Summon Guardian Golem    Hex/Summ       15%        N/A       98%         3
 Tukima's Dance           Hex            15%        N/A       98%         3
 Borgnjor's Vile Clutch   Necr/Erth      26%        N/A       98%         5
 Cause Fear               Hex            7%         N/A       100%        4
 Ice Form                 Ice/Tmut       15%        N/A       100%        4
 Summon Lightning Spire   Summ/Air       15%        N/A       100%        4
 Blade Hands              Tmut           7%         N/A       100%        5
 Yara's Violent Unravell  Hex/Tmut       7%         3d5       100%        5
 Iron Shot                Conj/Erth      29%        9d6       100%        6
 Dragon Form              Tmut           7%         N/A       100%        7
 Enfeeble                 Hex            7%         N/A       100%        7
 Malign Gateway           Summ/Tloc      25%        N/A       100%        7
 Spellforged Servitor     Conj/Summ      29%        N/A       100%        7
 Summon Hydra             Summ           7%         N/A       100%        7
 Discord                  Hex            7%         N/A       100%        8
 Polar Vortex             Ice            7%         N/A       100%        9


Dungeon Overview and Level Annotations

Branches:
Dungeon (15/15)            Temple (0/1) D:4            Lair (5/5) D:10
  Swamp (4/4) Lair:3       Spider (4/4) Lair:3        Slime (0/5) Lair:4
    Orc (2/2) D:10            Elf (1/3) Orc:2        Vaults (1/5) D:14
 Depths (2/4) D:15        Ossuary (visited)           IceCv (visited)
Volcano (visited)         Gauntlet (visited)

Shops:
D:11 [   D:14 [   Orc:1 *   Orc:2 (*?!   Depths:1 =

Portals:
Hell: Depths:1
Trove: D:10 (give 7 potions of haste)

Annotations:
D:4 exclusion: ogre
Lair:4 exclusion: 2 oklob plants
Swamp:4 1 runed translucent door, ryw's ghost, adept DESu
Elf:1 Aizul


Innate Abilities, Weirdness & Mutations

You have an increased reservoir of magic. (+10% MP)
You shall have no god before yourself.
Your divine heritage dramatically boosts your attributes as you level up.


Message History

The death yak gores you but does no damage.
You block the spriggan berserker's attack.
The spriggan berserker hits your +9 broad axe of Doom {spect, rElec} with a +3 antimagic hand axe.
Your spectral weapon shares its damage with you!
You slash the spriggan berserker!
The spriggan berserker is severely wounded.
You slash the polar bear! You hit the death yak.
The death yak barely misses you.
The spriggan berserker hits you with a +3 antimagic hand axe!
You feel your power leaking away.
The spriggan berserker misses your +9 broad axe of Doom {spect, rElec}.
The polar bear bites you but does no damage.
You block the polar bear's attack. x2
The death yak gores you but does no damage.
You hit the spriggan berserker.
The spriggan berserker is almost dead.
You hit the death yak. You barely miss the polar bear.
Your +9 broad axe of Doom {spect, rElec} hits the death yak!
Your +9 broad axe of Doom {spect, rElec} misses the spriggan berserker.
The spriggan berserker hits you with a +3 antimagic hand axe.
The spriggan berserker misses your +9 broad axe of Doom {spect, rElec}.
You block the polar bear's attack. x2
The polar bear claws you but does no damage.
The death yak gores your +9 broad axe of Doom {spect, rElec}!!
Your spectral weapon shares its damage with you!
The spriggan berserker hits you but does no damage.
The spriggan berserker closely misses your +9 broad axe of Doom {spect, rElec}.
The polar bear bites you!!
* * * LOW HITPOINT WARNING * * *
You block the polar bear's attack. The polar bear barely misses you.
You barely miss the spriggan berserker.
The spriggan berserker is almost dead.
You slash the polar bear! You slash the death yak! The death yak gores you!
* * * LOW HITPOINT WARNING * * *
You block the spriggan berserker's attack.
The spriggan berserker closely misses your +9 broad axe of Doom {spect, rElec}.
The polar bear barely misses you.
The polar bear claws you but does no damage.
You block the polar bear's attack. The death yak gores you!!
You die...

#.....#.#,*,*+*,*,*,,,,,,,*,#..##
##...##.#,*,,,,,*,**,*,*,**,#.##
.#####..#,*******,**,***,,,,#.#
.......##,,,,,,,,,**,,,,,***#.#**
###.#################**,****#.*,,
........#.........#D.,,*,,,,*,*,*
.....)..#.#######.#.#*,,.#*,*,*,*
......[.#......#..#.##...#*,*,*,*
........#..#####@i#...#,*,,,*.#.,
............#..hY(.#,,*,*,,*#.#.#
........#...###...#...#**,,,#...#
........#.....#...#.##...#*,#...#
..?.....##...##..##.#*,,.#*∩#.#.#
........##...#...#*..,,*,,,,#...#
#############################....
,,,,,,,,,,,,,,,.............Z....
,*,*,**,,,,,,,**#...#########....


You could see a death yak (summoned, berserk), a spriggan berserker (fast,
regenerating, strong-willed, ally target), a polar bear (summoned, berserk) and
a friendly +9 broad axe of Doom {spect, rElec} (summoned).

Vanquished Creatures
  2 liches (Depths:1)
  Rupert (D:14)
  Asterion (Depths:2)
  A thorn hunter (Swamp:4)
  Agnes (D:14)
  A fenstrider witch (Swamp:3)
  A fire giant (Depths:2)
  An emperor scorpion (Spider:3)
  4 frost giants (Depths:2)
  6 ghost moths
  6 very ugly things
  An ironbound preserver (Vaults:1)
  The ghost of SprigganGuy the Jinx, an adept SpBr of Wu Jian (Swamp:2)
  A stone giant (Depths:1)
  4 eleionomae
  A vampire knight (Depths:1)
  A dire elephant (D:15)
  A bunyip (Swamp:3)
  A blizzard demon (Depths:1)
  A minotaur (Gauntlet)
  A yaktaur captain (D:12)
  3 ettins
  3 fire dragons
  4 crystal guardians (Depths:2)
  3 entropy weavers
  4 ice dragons
  A merfolk impaler (Depths:1)
  3 vault guards (D:14)
  4 ghost crabs
  10 hydras
  An entropy weaver (shapeshifter) (D:13)
  3 ogre magi
  A merfolk avatar (Swamp:2)
  9 two-headed ogres
  A death knight (D:15)
  A catoblepas (D:13)
  A deep troll earth mage (Depths:1)
  12 alligators
  4 boulder beetles
  A dancing weapon (Elf:1)
  4 tengu warriors
  3 vampire magi
  A deep troll shaman (Depths:1)
  2 spriggan berserkers (Swamp:3)
  3 orc high priests (Orc:2)
  A hell hog (Gauntlet)
  2 iron trolls (Depths:1)
  3 skeletal warriors
  A deep elf knight (Elf:1)
  A pharaoh ant (Spider:3)
  A sun moth (Spider:3)
  A fire crab (Gauntlet)
  3 goliath frogs
  2 bunyip zombies (Swamp:3)
  7 deep trolls
  10 bog bodies
  3 steelbarb worms
  6 swamp dragons
  An orange crystal statue (IceCv)
  5 orb spiders
  3 spriggan simulacra
  A wizard (Depths:1)
  2 anaconda skeletons (Volcano)
  2 deep elf archers (Elf:1)
  A lindwurm (Lair:4)
  11 ugly things
  A bunyip skeleton (Swamp:3)
  6 deep elf pyromancers
  7 orc knights
  7 wolf spiders
  4 deep elf zephyrmancers
  2 manticores
  9 cyclopes
  3 orc sorcerers (Orc:2)
  3 will-o-the-wisps
  7 elephants (Lair:5)
  A guardian serpent (D:14)
  3 black mambas
  16 cane toads
  4 torpor snails
  7 gargoyles
  A yaktaur (D:15)
  2 unseen horrors
  5 rime drakes
  4 demonic crawlers
  3 freezing wraiths
  3 kobold demonologists
  14 komodo dragons
  2 anaconda simulacra
  2 tengu conjurers
  7 trolls
  A golden dragon simulacrum (IceCv)
  4 meliai
  2 bloated husks (Swamp:2)
  4 hornets
  A tyrant leech (shapeshifter) (D:12)
  A wolf spider simulacrum (D:15)
  3 slime creatures (D:12)
  9 tyrant leeches
  17 tarantellas
  15 blink frogs
  14 dream sheep
  A harpy skeleton (Volcano)
  3 flying skulls (Volcano)
  2 water elementals (Depths:1)
  13 jumping spiders
  A culicivora (shapeshifter) (D:12)
  4 shadows
  2 vampires (D:12)
  3 dire elephant simulacra
  8 fire bats (Gauntlet)
  3 spriggans
  A wyvern (D:7)
  A human (shapeshifter) (D:14)
  9 culicivoras
  8 basilisks
  18 yaks
  8 humans (D:14)
  19 redbacks
  5 steam dragons
  6 wraiths
  11 vampire mosquitoes
  Menkaure (D:6)
  11 swamp worms
  2 minotaur simulacra (Spider:3)
  3 harpy simulacra
  2 wargs (Orc:1)
  2 acid dragons
  A hell hound (Gauntlet)
  11 water moccasins
  A black bear (shapeshifter) (D:13)
  3 sky beasts
  5 swamp drakes
  36 orc warriors
  3 ice beasts
  2 black bears
  5 wolves (Lair:5)
  A swamp dragon skeleton (Swamp:3)
  13 ogres
  7 centaurs
  2 phantoms
  6 kobold brigands
  4 elf zombies (Ossuary)
  Blork the orc (D:5)
  8 necrophages
  8 bullfrogs
  2 gnoll sergeants
  A deep troll simulacrum (Spider:3)
  3 scorpions
  9 wights
  14 killer bees
  A troll skeleton (Volcano)
  4 electric eels
  2 lindwurm simulacra (IceCv)
  2 howler monkeys
  A lava snake (D:10)
  7 centaur zombies (Ossuary)
  4 hounds
  A human zombie (Ossuary)
  2 jellies
  3 gnoll boudas
  12 orc priests
  4 iguanas
  35 orc wizards
  A naga skeleton (Volcano)
  3 mummies (Ossuary)
  10 adders
  17 gnolls
  3 shadow imps
  2 ufetubi (D:4)
  3 dart slugs
  76 orcs
  9 endoplasms
  5 giant cockroaches
  7 goblins
  11 hobgoblins
  6 ball pythons
  8 bats
  2 frilled lizards
  24 kobolds
  4 rats
943 creatures vanquished.

Vanquished Creatures (collateral kills)
  An emperor scorpion (Spider:2)
  A very ugly thing (IceCv)
  6 hydras (Swamp:4)
  A radroach (Spider:3)
  A boulder beetle (Spider:3)
  A spriggan (Swamp:1)
  2 goliath frogs (Swamp:1)
  A spriggan druid (Swamp:4)
  A steelbarb worm (Spider:2)
  An orb spider (Spider:3)
  A deep troll (Depths:1)
  3 swamp dragons
  2 wolf spiders (Spider:3)
  3 ugly things (Depths:1)
  A moth of wrath (Spider:2)
  A cyclops (D:15)
  A demonic crawler (Spider:3)
  A hornet (Swamp:1)
  2 tarantellas (Spider:3)
  2 culicivoras (Spider:3)
  3 jumping spiders
  10 redbacks
  4 swamp drakes (Swamp:4)
50 creatures vanquished.

Vanquished Creatures (others)
  A spriggan berserker (Swamp:4)
  An emperor scorpion zombie (Spider:3)
  A swamp dragon (Swamp:4)
  An ugly thing zombie (Depths:1)
  A manticore (D:12)
  2 orb spider zombies (Spider:2)
  A hydra zombie (Swamp:4)
  2 redback zombies (Spider:2)
  A tyrant leech (Swamp:4)
  A fire dragon zombie (Depths:1)
  A spriggan zombie (Swamp:4)
  4 tarantella zombies (Spider:2)
  A culicivora zombie (Spider:2)
  A human (D:14)
  2 two-headed ogre zombies (D:15)
  2 deep troll zombies
  An entropy weaver zombie (Spider:3)
  A swamp dragon zombie (Swamp:4)
  A torpor snail zombie (Spider:2)
  An orc priest (Orc:2)
  An orc wizard (Orc:2)
  3 ogre zombies (D:15)
  2 swamp drake zombies (Swamp:4)
  13 demonic plants (Gauntlet)
  8 foxfires
  21 fungi
  73 plants
148 creatures vanquished.

Grand Total: 1141 creatures vanquished

Notes
Turn   | Place    | Note
-------+----------+-------------------------------------------
     0 | D:1      | KennySheep the Demigod Conjurer began the quest for the
                  | Orb.
     0 | D:1      | Reached XP level 1. HP: 14/14 MP: 5/5
   369 | D:1      | Reached XP level 2. HP: 20/20 MP: 4/7
   452 | D:1      | Reached skill level 1 in Translocations
  1220 | D:2      | Reached XP level 3. HP: 26/26 MP: 5/8
  1392 | D:2      | Learned a level 2 spell: Searing Ray
  1594 | D:2      | Identified a scroll of acquirement
  1596 | D:2      | Acquired the ring "Necoklen" {rC+ rCorr SInv Stlth+}
  2177 | D:3      | Noticed a sky beast
  2228 | D:3      | Reached skill level 1 in Evocations
  2228 | D:3      | Reached XP level 4. HP: 33/33 MP: 6/10
  3291 | D:4      | Reached XP level 5. HP: 38/38 MP: 4/11
  3383 | D:4      | Noticed an ogre
  3767 | D:4      | Found a staircase to the Ecumenical Temple.
  4025 | D:4      | Noticed an ogre
  4086 | D:3      | Killed a sky beast
  4268 | D:5      | Entered Level 5 of the Dungeon
  4303 | D:5      | Reached skill level 5 in Conjurations
  4303 | D:5      | Reached XP level 6. HP: 41/45 MP: 7/13
  4349 | D:5      | Noticed Blork the orc
  4369 | D:5      | Killed Blork the orc
  4710 | D:5      | Reached XP level 7. HP: 47/50 MP: 4/14
  5692 | D:6      | Found a sand-covered staircase.
  5702 | D:5      | Learned a level 4 spell: Iskenderun's Mystic Blast
  5766 | Ossuary  | Entered an ossuary
  5859 | Ossuary  | Reached skill level 5 in Translocations
  5861 | Ossuary  | Reached XP level 8. HP: 50/57 MP: 3/17
  7353 | D:6      | Reached XP level 9. HP: 62/62 MP: 3/19
  7481 | D:6      | Noticed Menkaure
  7491 | D:6      | Killed Menkaure
  8285 | D:7      | Reached skill level 5 in Spellcasting
  8996 | D:7      | Reached skill level 5 in Evocations
  9926 | D:8      | Learned a level 4 spell: Passage of Golubria
 10217 | D:8      | Reached XP level 10. HP: 69/69 MP: 12/21
 10703 | D:9      | Acquired 1078 gold pieces
 10727 | D:9      | Noticed a sixfirhy
 11544 | D:10     | Entered Level 10 of the Dungeon
 11581 | D:10     | Found a staircase to the Lair.
 11614 | D:10     | Noticed a two-headed ogre
 11622 | D:10     | Killed a two-headed ogre
 11623 | D:10     | Reached skill level 1 in Fighting
 12958 | D:10     | Found a portal to a secret trove of treasure.
 13039 | D:10     | Found a staircase to the Orcish Mines.
 13325 | D:11     | Noticed a cyclops
 13343 | D:11     | Killed a cyclops
 13344 | D:11     | Reached skill level 10 in Conjurations
 13344 | D:11     | Reached XP level 11. HP: 78/79 MP: 4/24
 13742 | D:11     | Noticed a boulder beetle
 13758 | D:11     | Killed a boulder beetle
 13872 | D:11     | Found Nesoeg's Armour Shoppe.
 14448 | Orc:1    | Entered Level 1 of the Orcish Mines
 14448 | Orc:1    | Noticed an orc knight
 14463 | Orc:1    | Killed an orc knight
 14578 | Orc:1    | Found Vealis's Assorted Antiques.
 14781 | Orc:1    | Noticed a two-headed ogre
 14790 | Orc:1    | Killed a two-headed ogre
 15335 | Orc:2    | Entered Level 2 of the Orcish Mines
 15351 | Orc:2    | Reached skill level 10 in Translocations
 15668 | Orc:2    | Noticed an ettin
 15683 | Orc:2    | Killed an ettin
 15994 | Orc:2    | Noticed an orc knight
 16014 | Orc:2    | Killed an orc knight
 16167 | Orc:2    | Noticed an orc high priest
 16172 | Orc:2    | Paralysed by an orc sorcerer for 4 turns
 16179 | Orc:2    | Killed an orc high priest
 16182 | Orc:2    | Noticed an orc knight
 16190 | Orc:2    | Noticed an orc high priest
 16219 | Orc:2    | Noticed a sun demon
 16344 | Orc:2    | Killed an orc high priest
 16488 | Orc:2    | Noticed an orc knight
 16494 | Orc:2    | Noticed an orc high priest
 16496 | Orc:2    | Killed an orc knight
 16497 | Orc:2    | Reached XP level 12. HP: 90/91 MP: 12/26
 16763 | Orc:2    | Found a staircase to the Elven Halls.
 17098 | Orc:2    | Found Daavi's Distillery.
 17098 | Orc:2    | Found Deotz's Magic Scroll Emporium.
 17104 | Orc:2    | Found Rylaidops's General Store.
 17104 | Orc:2    | Found Quafytag's Antique Weapon Emporium.
 17119 | Orc:2    | Bought a scroll of blinking for 90 gold pieces
 17119 | Orc:2    | Bought a scroll of teleportation for 36 gold pieces
 17119 | Orc:2    | Bought a scroll of silence for 114 gold pieces
 17124 | Orc:2    | Bought a potion of magic for 128 gold pieces
 17124 | Orc:2    | Bought a potion of mutation for 128 gold pieces
 17124 | Orc:2    | Bought a potion of resistance for 160 gold pieces
 17124 | Orc:2    | Bought a potion of haste for 160 gold pieces
 17124 | Orc:2    | Bought a potion of heal wounds for 80 gold pieces
 17124 | Orc:2    | Bought a potion of brilliance for 64 gold pieces
 17349 | Lair:1   | Entered Level 1 of the Lair of Beasts
 17494 | Lair:1   | Reached skill level 5 in Dodging
 17596 | Lair:1   | Found a dark tunnel.
 17604 | Volcano  | Entered a volcano
 17965 | Volcano  | Reached skill level 5 in Fighting
 20339 | Lair:3   | Noticed an eight-headed hydra
 20345 | Lair:3   | Found a gate leading to a gauntlet.
 20349 | Lair:3   | Killed an eight-headed hydra
 20357 | Gauntlet | Entered a Gauntlet
 20357 | Gauntlet | Found a transporter.
 20357 | Gauntlet | Found a transporter.
 20435 | Gauntlet | Found a transporter.
 20435 | Gauntlet | Found a transporter.
 20444 | Gauntlet | Found a transporter.
 20469 | Gauntlet | Found a transporter.
 20473 | Gauntlet | Found a transporter.
 20476 | Gauntlet | Found a transporter.
 20479 | Gauntlet | Noticed a cacodemon
 20497 | Gauntlet | Found a transporter.
 20506 | Gauntlet | Found a transporter.
 20540 | Gauntlet | Found a transporter.
 20574 | Gauntlet | Found a transporter.
 20590 | Gauntlet | Found a transporter.
 20692 | Gauntlet | Found a transporter.
 20712 | Gauntlet | Found a transporter.
 20719 | Gauntlet | Found a transporter.
 20934 | Gauntlet | Reached XP level 13. HP: 102/102 MP: 29/29
 21055 | Gauntlet | Identified the +2 cloak of the First Snow {rC+}
 21249 | Gauntlet | Identified the +9 broad axe of Doom {spect, rElec}
 21249 | Gauntlet | Noticed a minotaur
 21252 | Gauntlet | Killed a minotaur
 21266 | Gauntlet | Got the Parchment of Chilling Jinxing
 21266 | Gauntlet | Got Sif Muna's Omnibus of the Comitatus and Shapeshifting
 21310 | Lair:3   | Reached skill level 1 in Staves
 21428 | Lair:3   | Acquired the +3 kite shield "Tevoedas" {rN++ Will+ Str+2
                  | Dex-3}
 21592 | Lair:3   | Found a hole to the Spider Nest.
 21659 | Lair:3   | Reached skill level 1 in Axes
 21769 | Lair:3   | Found a staircase to the Swamp.
 21986 | Lair:3   | Reached skill level 1 in Armour
 21986 | Lair:3   | Reached skill level 1 in Shields
 22323 | Lair:3   | Reached skill level 2 in Axes
 22965 | Lair:4   | Found a staircase to the Slime Pits.
 23309 | Lair:4   | Reached skill level 3 in Axes
 23752 | Lair:5   | Entered Level 5 of the Lair of Beasts
 24227 | Lair:5   | Reached skill level 4 in Axes
 25663 | Lair:5   | Reached XP level 14. HP: 84/111 MP: 19/31
 25676 | Lair:5   | HP: 5/113 [poison (poison gas)]
 26217 | Lair:5   | Learned a level 4 spell: Dispel Undead
 26222 | Lair:5   | Learned a level 4 spell: Animate Dead
 26620 | D:12     | Reached skill level 5 in Axes
 26632 | D:12     | Reached skill level 1 in Necromancy
 26929 | D:12     | Identified the +3 trident "Gisif" {holy, rElec rF- Dex+5
                  | Stlth+}
 27573 | D:12     | Reached skill level 6 in Axes
 27985 | D:13     | Reached skill level 5 in Shields
 29528 | D:14     | Noticed Rupert
 29548 | D:14     | Noticed Agnes
 29555 | D:14     | Killed Rupert
 29923 | Swamp:1  | Entered Level 1 of the Swamp
 29938 | Swamp:1  | HP: 4/114 [will-o-the-wisp/foxfire (14)]
 30039 | Swamp:1  | Reached skill level 7 in Axes
 30953 | Swamp:1  | Reached skill level 5 in Necromancy
 32192 | Swamp:2  | Found a large runed translucent door.
 32193 | Swamp:2  | Found a large runed translucent door.
 32198 | Swamp:2  | Noticed SprigganGuy's ghost (adept SpBr)
 32525 | Swamp:2  | Killed SprigganGuy's ghost
 32563 | Swamp:2  | Identified the ring "Guetumn" {Will+ Dex+4}
 32914 | Swamp:2  | Reached XP level 15. HP: 70/121 MP: 32/32
 33142 | Swamp:2  | Learned a level 6 spell: Death Channel
 33420 | Swamp:3  | Reached skill level 8 in Axes
 33429 | Swamp:2  | HP: 6/121 [poisoned by a swamp dragon (poison gas)]
 34072 | D:14     | Killed Agnes
 34407 | D:14     | Found a gate to the Vaults.
 34695 | D:14     | Found Cauwaw's Armour Emporium.
 34757 | D:15     | Entered Level 15 of the Dungeon
 34766 | D:15     | Reached skill level 9 in Axes
 35059 | D:15     | Identified the ring of Ijyer {rElec rF+ Str+6}
 35411 | D:15     | Reached skill level 5 in Armour
 35863 | D:15     | Reached skill level 10 in Axes
 36852 | Spider:1 | Entered Level 1 of the Spider Nest
 38148 | Spider:2 | Reached skill level 11 in Axes
 39819 | Spider:3 | Found a frozen archway.
 39936 | IceCv    | Entered an ice cave
 39943 | IceCv    | Found a transporter.
 39954 | IceCv    | Reached XP level 16. HP: 103/129 MP: 11/33
 39962 | IceCv    | Got the Compendium of the Cursed Flock
 39965 | IceCv    | Found a transporter.
 40098 | IceCv    | Reached skill level 12 in Axes
 41275 | Spider:3 | Reached skill level 13 in Axes
 41679 | Spider:4 | Entered Level 4 of the Spider Nest
 42289 | Elf:1    | Entered Level 1 of the Elven Halls
 43006 | Elf:1    | Noticed Aizul
 43740 | Orc:2    | Bought a +8 plate armour of ponderousness for 560 gold
                  | pieces
 43740 | Orc:2    | Bought a wand of mindburst (8) for 156 gold pieces
 43740 | Orc:2    | Bought a potion of haste for 140 gold pieces
 45757 | Swamp:3  | Got Dailekki's Cyclopedia of Malignant Mysteries
 45789 | Swamp:4  | Entered Level 4 of the Swamp
 45852 | Swamp:4  | Reached skill level 1 in Short Blades
 46042 | Swamp:4  | Found a runed translucent door.
 46042 | Swamp:4  | Noticed ryw's ghost (adept DESu)
 46311 | Swamp:4  | HP: 3/129 [spriggan berserker/+0 war axe (32)]
 46400 | Swamp:4  | Reached XP level 17. HP: 135/135 MP: 34/34
 46441 | Swamp:4  | Got a decaying rune of Zot
 46869 | Vaults:1 | Entered Level 1 of the Vaults
 47215 | Orc:2    | Bought a scroll of butterflies for 48 gold pieces
 47215 | Orc:2    | Bought a scroll of amnesia for 48 gold pieces
 47379 | D:15     | Found a staircase to the Depths.
 47385 | Depths:1 | Entered Level 1 of the Depths
 47755 | Depths:1 | Reached skill level 5 in Short Blades
 47822 | Depths:1 | You fall into a shaft and drop 1 floor!
 47967 | Depths:2 | Reached skill level 10 in Armour
 48191 | Depths:1 | Noticed a lich
 48195 | Depths:1 | Noticed a lich
 48197 | Depths:1 | Killed a lich
 48202 | Depths:1 | Killed a lich
 48247 | Depths:1 | HP: 10/202 [iron troll (20)]
 48380 | Depths:1 | Found a gateway to Hell.
 48467 | Depths:1 | Found Fualiloy's Jewellery Emporium.
 48829 | Depths:2 | Identified the -2 kite shield of Failure {rPois rCorr Dex-4
                  | Stlth+}
 48829 | Depths:2 | Noticed Asterion
 49131 | Depths:2 | Reached skill level 10 in Necromancy
 49488 | Depths:2 | Killed Asterion
 49954 | Depths:2 | Mangled by a death yak

Illustrated notes

Levels and vault maps discovered:
D:1:      sevenhm_arrival_forest_fort_large_2, layout_basic, hex_medium,
          due_unseen_surprise
D:2:      layout_loops_ring, amethyst_killhole, fountainhead,
          minmay_pentomino_w4
D:3:      layout_loops_ring, mainiacjoe_overflow_catwalk_spiral,
          minmay_misc_feat_nine_boxes
D:4:      layout_loops_ring, okawaru_metal_pillars_1_2, temple_doors_e
D:5:      layout_cave_pods, serial_glass, glass_columns_a, glass_columns_a,
          uniq_blork_the_orc
D:6:      layout_rooms, mainiacjoe_overflow_tiny_flanked, serial_corexii_hall,
          corexii_hall_statues_x, corexii_hall_statues_i,
          chequers_hall_statues_y, enter_ossuary_1, dk_vineyard_2, uniq_menkaure
D:7:      layout_layer_cave
D:8:      layout_loops_cross, nrook_pool_corridor, hellmonk_bongcloud_opening
D:9:      layout_cave_pools
D:10:     nicolae_cairo_tiling, layout_loops_ring, nicolae_uskayaw_suspiria,
          nicolae_trove_entry_columns
D:11:     layout_roguey, nicolae_stop_n_shop_1, minmay_starry_boxes
D:12:     nzn_winding_woodlands_cross [nzn_winding_woodlands_5x15_pool,
          nzn_winding_woodlands_5x15_jagged, nzn_winding_woodlands_5x15_default,
          nzn_winding_woodlands_5x15_river_crossing,
          nzn_winding_woodlands_15x15_five_gardens], layout_cave_pools,
          nicolae_twisting_strands
D:13:     layout_basic, minmay_misc_feat_iff
D:14:     layout_rooms, ximxim_vaults_locker_room, nicolae_ru_path_of_blood,
          special_room [special_room_orc], serial_shops,
          nicolae_take_the_stairs, nrook_guardian_serpent_double, uniq_agnes,
          uniq_rupert
D:15:     hangedman_depths_entry_try_elsewhere_first, layout_stronghold,
          cheibrodos_ashenzari_chains, minmay_mirror_moons_of_madness
Lair:1:   layout_regular_city, lightli_volcano_entry_magma_tube
Lair:2:   layout_hall_layers, roderic_carrion_pond, lemuel_fruit_tree,
          infiniplex_staircase_pool
Lair:3:   layout_gridlike, nicolae_swamp_entry_splash_gauntlet,
          hellmonk_spider_entry_not_the_bees, gauntlet_entry_generic,
          serial_bayou_pond_b, beast_lair_carwin_11
Lair:4:   layout_misc_corridors, minmay_slime_entry_oklob_open
Lair:5:   guppyfry_lair_end_dragon, layout_cave_pods,
          chequers_serial_rivers_micro_a, chequers_serial_rivers_room_b,
          grunt_megastairs_5
Swamp:1:  layout_basic_swamp, evilmike_swamp_ruin_house_1
Swamp:2:  layout_falls_marsh, ebering_ghost_disaster_area,
          evilmike_swamp_ruin_house_3, swamp_pool2, grunt_lady_of_the_lake
Swamp:3:  layout_basic_swamp, hangedman_swamp_ruin_hall, swamp_pool3,
          beargit_kiku_chapel
Swamp:4:  swamp, layout_basic_swamp, gammafunk_ghost_grave,
          cheibrodos_swamp_pet_leeches
Spider:1: layout_spider_delve, nicolae_spider_twisty_arc_passages
Spider:2: layout_spider_delve, nicolae_spider_not_touching_you,
          hangedman_spider_tarantella_strand
Spider:3: layout_spider_delve, portal_ice_cave_entry_ice_simulacra
Spider:4: grunt_spider_rune_circles
Orc:1:    layout_caves, serial_shops, shop
Orc:2:    grunt_orc_tribal_feast, layout_caves, abandoned_shop
Elf:1:    elf_arrival_001, layout_loops_cross, serial_sigils,
          serial_sigils_hangedman_etch, serial_sigils_hangedman_snap,
          serial_sigils_hangedman_snap, serial_sigils_hangedman_scar,
          serial_sigils_hangedman_clutch, uniq_aizul
Vaults:1: nicolae_vaults_little_squares_3, hangedman_vaults_trim,
          vaults_room_door_ring, v_misc_5, nicolae_vaults_ring_of_whatevers,
          nicolae_vaults_little_ls, kb_rosetta, vaults_room_corners, v_misc_33,
          ontoclasm_vaults_spin, vaults_dpeg_ring, nicolae_vaults_rhombus_5,
          hangedman_vaults_maws, layout_vaults_omnicross, serial_shops,
          shop_coins
Depths:1: layout_basic, serial_shops, kennysheep_little_box,
          serial_co_window_serial, co_window_paths_b, co_window_corner_a,
          co_window_corner_a, co_window_of_opportunity_a,
          co_window_of_opportunity_a, co_window_unsneaky_path_a,
          co_window_corner_b, co_window_of_opportunity_b,
          co_window_of_opportunity_b, co_window_broadway_b, co_window_paths_e,
          co_window_4corner_a, glass_columns_c, glass_columns_a,
          glass_columns_b, hangedman_coc_ice_floe, serial_bayou_shore_b,
          hex_tiny, doesnt_xom_only_xom
Depths:2: minmay_the_grid_3x2 [minmay_the_grid_square_x,
          minmay_the_grid_zigzag_pyramid, minmay_the_grid_empty,
          minmay_the_grid_small_cups, minmay_the_grid_artifice,
          minmay_the_grid_prize_shrinking_boxes], layout_gridlike,
          dk_noncrumbling_3, hell_entry, rand_demon_pan_entry_7, uniq_asterion,
          uniq_vv

Skill      XL: |  1  2  3  4  5  6  7  8  9 10 11 12 13 14 15 16 17 |
---------------+----------------------------------------------------+-----
Translocations | 1 2 3 4 5 6 8 9 10 | 10.0
Spellcasting   | 2 3 4 5 6 7 8 |  8.8
Conjurations   | 4 5 6 7 8 10 11 12 | 12.7
Evocations     | 1 2 3 4 5 6 7 8 |  8.7
Dodging        | 2 4 6 7 |  7.2
Fighting       | 1 4 5 6 8 |  8.3
Staves         | 1 |  1.0
Axes           | 4 7 11 13 | 13.5
Armour         | 3 7 9 10 | 10.4
Shields        | 3 6 |  6.9
Necromancy     | 5 8 10 | 10.3
Short Blades   | 3 6 |  6.9
Stealth        | |  1.7

Action                   |  1- 3 |  4- 6 |  7- 9 | 10-12 | 13-15 | 16-18 || total
-------------------------+-------+-------+-------+-------+-------+-------++-------
Melee: Staff             |     1 |       |    32 |    80 |    15 |       ||   128
       Punch             |       |       |       |     2 |       |       ||     2
       Broad axe         |       |       |       |       |   557 |   523 ||  1080
       Quick blade       |       |       |       |       |       |    43 ||    43
 Cast: Magic Dart        |   101 |    74 |    39 |     9 |     8 |       ||   231
       Searing Ray       |       |    10 |    36 |     2 |     2 |       ||    50
       Iskenderun's Myst |       |       |    73 |   280 |   201 |    34 ||   588
       Passage of Golubr |       |       |       |       |     3 |     6 ||     9
       Animate Dead      |       |       |       |       |     5 |     9 ||    14
Evoke: Wand              |       |       |     2 |    28 |    16 |    16 ||    62
  Use: Scroll            |     4 |     2 |     6 |    18 |    15 |    23 ||    68
       Potion            |       |       |     4 |     3 |     4 |    14 ||    25
 Stab: Petrified         |       |       |       |       |     5 |       ||     5
       Sleeping          |       |       |       |       |     8 |     1 ||     9
       Distracted        |       |       |       |       |    10 |    12 ||    22
       Invisible         |       |       |       |       |       |     2 ||     2
Armor: Robe              |     3 |     5 |    31 |     1 |       |       ||    40
       Steam dragon scal |       |       |       |    82 |   260 |    81 ||   423
       Plate armour      |       |       |       |       |       |   307 ||   307
Dodge: Dodged            |     4 |    18 |   186 |   261 |   386 |   216 ||  1071
Block: Kite shield       |       |       |       |       |   425 |   386 ||   811

Table legend: (Time is in decaauts)
 A = Elapsed time spent in this place.
 B = Non-inter-level travel time spent in this place.
 C = Inter-level travel time spent in this place.
 D = Time resting spent in this place.
 E = Time spent auto-exploring this place.
 F = Levels seen in this place.
 G = Mean time per level.
                   A        B        C        D        E       F      G
               +--------+--------+--------+--------+--------+-----+--------+
         Total |  50957 |  45021 |   5936 |  12575 |  24205 |  38 | 1341.0 |
       Dungeon |  21599 |  19256 |   2343 |   4130 |  12373 |  15 | 1439.9 |
          Lair |   9449 |   7194 |   2255 |   1551 |   4479 |   5 | 1889.8 |
         Swamp |   5603 |   5249 |    354 |   2161 |   1985 |   4 | 1400.8 |
   Spider Nest |   4706 |   4365 |    341 |   1483 |   1979 |   4 | 1176.5 |
  Orcish Mines |   3067 |   2572 |    495 |    943 |   1026 |   2 | 1533.5 |
   Elven Halls |    825 |    777 |     48 |     88 |    604 |   1 |  825.0 |
        Vaults |    116 |    116 |      0 |     63 |      0 |   1 |  116.0 |
        Depths |   2723 |   2627 |     96 |    763 |   1184 |   2 | 1361.5 |
       Ossuary |    662 |    662 |      0 |    425 |     94 |   1 |  662.0 |
      Ice Cave |    438 |    438 |      0 |    345 |      0 |   1 |  438.0 |
       Volcano |    849 |    849 |      0 |    476 |    121 |   1 |  849.0 |
      Gauntlet |    913 |    913 |      0 |    147 |    357 |   1 |  913.0 |
               +--------+--------+--------+--------+--------+-----+--------+

Top non-repeatable levels by time:
  Lair:5: 2803 daAuts
  Lair:3: 2582 daAuts
   Orc:2: 2153 daAuts
    D:10: 2138 daAuts
 Swamp:2: 2039 daAuts
     D:6: 1773 daAuts
    D:14: 1771 daAuts
    D:13: 1766 daAuts
  Lair:1: 1720 daAuts
Spider:1: 1696 daAuts
    D:15: 1649 daAuts
     D:7: 1601 daAuts
Spider:3: 1592 daAuts
 Swamp:3: 1522 daAuts
     D:5: 1487 daAuts
